 Dungeon Sprint DCSS version 0.31-a0-18-gea43df2a32 (webtiles) character file.

Game seed: 16055261564684452576

772 bmack86 the Cleaver (level 7, -10/77 HPs)
             Began as a Minotaur Berserker on May 10, 2023.
             Was a Priest of Trog.
             Mangled by a sun demon (19 damage)
             ... summoned by a kobold demonologist
             ... in the Dungeon (Sprint I: "Red Sonja").
             The game lasted 00:01:19 (372 turns).

bmack86 the Cleaver (Minotaur Berserker)             Turns: 372, Time: 00:01:20

Health: -10/77     AC:  5    Str: 23    XL:     7   Next: 53%
Magic:  6/6        EV: 12    Int:  4    God:    Trog [***...]
Gold:   270        SH:  0    Dex: 10    Spells: 6/6 levels left

rFire   . . .        a - +0 hand axe
rCold   . . .        (no shield)
rNeg    . . .        k - +1 leather armour {rPois}
rPois   +            (helmet restricted)
rElec   .            (no cloak)
rCorr   .            (no gloves)
SInv    .            (no boots)
Will    .....        (no amulet)
Stlth   +            (no ring)
HPRegen 0.32/turn    (no ring)
MPRegen 0.10/turn

%: no teleportation
@: on berserk cooldown, slowed, very slow
A: horns 2, retaliatory headbutt
a: Renounce Religion, Berserk, Trog's Hand


You were in the Dungeon.
You worshipped Trog.
Trog was most pleased with you.
You visited 1 branch You collected 270 gold pieces.

Inventory:

Hand Weapons
 a - a +0 hand axe (weapon)
Armour
 b - a +0 animal skin
 k - a +1 leather armour of poison resistance (worn)
Wands
 i - a wand of acid (2)
Scrolls
 h - a scroll of blinking
Potions
 c - a potion of curing
 f - 2 potions of magic
 g - a potion of berserk rage
 j - a potion of flight {unknown}


   Skills:
 + Level 12.0 Fighting
 + Level 12.0 Axes
 + Level 11.7 Armour
 - Level 2.1 Dodging


You had 6 spell levels left.
You didn't know any spells.
Your spell library was empty.

Dungeon Overview and Level Annotations

Branches:
Dungeon (1/1)

Altars:
Makhleb
Xom
Jiyva
Lugonu


Innate Abilities, Weirdness & Mutations

You have a pair of horns on your head.
You reflexively headbutt those who attack you in melee.


Message History

You barely miss the sun demon.
The sun demon is severely wounded.
You slash the kobold demonologist!
The kobold demonologist closely misses you.
The sun demon hits you!!
You are engulfed in flames!
You hit the sun demon but do no damage.
The sun demon is severely wounded.
You closely miss the kobold demonologist.
The sun demon barely misses you. You furiously retaliate!
You headbutt the sun demon, but do no damage.
The kobold demonologist barely misses you.
You furiously retaliate!
You headbutt the kobold demonologist.
You kill the kobold demonologist!
Trog accepts your kill.
Trog appreciates your killing of a magic user.
The ufetubus disappears in a puff of smoke!
The crimson imp disappears in a puff of smoke!
The sixfirhy disappears in a puff of smoke!
The sun demon barely misses you. You furiously retaliate!
You headbutt the sun demon.
The kobold demonologist casts a spell.
Your Fighting skill increases to level 12!
Your Axes skill increases to level 12!
Your Armour skill increases to level 11!
You barely miss the sun demon.
The sun demon is severely wounded.
You closely miss the ufetubus. The ufetubus completely misses you.
The ufetubus hits you. The sun demon hits you!
* * * LOW HITPOINT WARNING * * *
You are engulfed in flames!
* * * LOW HITPOINT WARNING * * *
The kobold demonologist casts a spell.
You hit the sun demon. You headbutt the sun demon.
The sun demon is almost dead.
You barely miss the ufetubus.
The ufetubus hits you but does no damage.
The ufetubus hits you.
* * * LOW HITPOINT WARNING * * *
The sun demon hits you!!
You die...

#####################
.)..#..'..#__#..@3K4#
.#..').#..'..'..#55.#
###'#####+#__####...+
#..# #### #### ####


You could see a sun demon (summoned), an orange demon (summoned), a kobold
demonologist, a shadow imp (summoned) and an ufetubus (summoned).

Vanquished Creatures
  A kobold demonologist (D)
  Sigmund (D)
  A slime creature (D)
  A floating eye (D)
  An ogre (D)
  Ijyb (D)
6 creatures vanquished.

Notes
Turn   | Place    | Note
-------+----------+-------------------------------------------
     0 | D        | bmack86 the Minotaur Berserker began the quest for the Orb.
     0 | D        | Reached XP level 1. HP: 19/19 MP: 0/0
     2 | D        | Noticed Ijyb
     6 | D        | Killed Ijyb
     7 | D        | Reached skill level 5 in Fighting
     7 | D        | Reached skill level 5 in Axes
     7 | D        | Reached XP level 2. HP: 29/29 MP: 1/1
    56 | D        | Noticed an ogre
    62 | D        | Killed an ogre
    63 | D        | Reached XP level 3. HP: 28/39 MP: 2/2
    63 | D        | Reached XP level 4. HP: 34/47 MP: 3/3
    76 | D        | Noticed Sigmund
    82 | D        | HP: 1/47 [Sigmund/+0 scythe (11)]
    90 | D        | Killed Sigmund
    90 | D        | Reached ** piety under Trog
    91 | D        | Reached XP level 5. HP: 4/57 MP: 4/4
   299 | D        | Found a burning altar of Makhleb.
   299 | D        | Found a viscous altar of Jiyva.
   299 | D        | Found a shimmering altar of Xom.
   299 | D        | Found a corrupted altar of Lugonu.
   299 | D        | Noticed a slime creature
   303 | D        | Killed a slime creature
   304 | D        | Reached skill level 10 in Fighting
   304 | D        | Reached skill level 10 in Axes
   304 | D        | Reached skill level 10 in Armour
   304 | D        | Reached XP level 6. HP: 67/67 MP: 5/5
   353 | D        | Noticed a kobold demonologist
   353 | D        | Noticed a floating eye
   353 | D        | Noticed a kobold demonologist
   354 | D        | Paralysed by a floating eye for 4 turns
   361 | D        | Noticed a sun demon
   361 | D        | Killed a floating eye
   362 | D        | Reached XP level 7. HP: 74/74 MP: 6/6
   365 | D        | Noticed a sixfirhy
   370 | D        | Killed a kobold demonologist
   370 | D        | Reached *** piety under Trog
   372 | D        | Noticed an orange demon
   372 | D        | Mangled by a sun demon

Illustrated notes

Levels and vault maps discovered:
D:        dungeon_sprint_1 [red_sonja_temple_1, red_sonja_temple_small_1]

Skill      XL: |  1  2  3  4  5  6  7 |
---------------+----------------------+-----
Fighting       | 5 7 9 10 11 12 | 12.0
Axes           | 5 7 9 10 11 12 | 12.0
Armour         | 4 6 8 10 11 | 11.7
Dodging        | |  2.1

Action                     |  1- 3 |  4- 6 |  7- 9 || total
---------------------------+-------+-------+-------++-------
  Melee: Hand axe          |     7 |    17 |    11 ||    35
         Headbutt          |     3 |     6 |     3 ||    12
 Invoke: Berserk           |     2 |     2 |       ||     4
    Use: Potion            |       |     2 |       ||     2
 Armour: Leather armour    |     1 |     1 |     4 ||     6
  Dodge: Dodged            |     1 |     4 |     7 ||    12

Table legend: (Time is in decaauts)
 A = Elapsed time spent in this place.
 B = Non-inter-level travel time spent in this place.
 C = Inter-level travel time spent in this place.
 D = Time resting spent in this place.
 E = Time spent auto-exploring this place.
 F = Levels seen in this place.
 G = Mean time per level.
                   A        B        C        D        E       F      G
               +--------+--------+--------+--------+--------+-----+--------+
         Total |    383 |    383 |      0 |    266 |      0 |   1 |  383.0 |
       Dungeon |    383 |    383 |      0 |    266 |      0 |   1 |  383.0 |
               +--------+--------+--------+--------+--------+-----+--------+

Top non-repeatable levels by time:
       D: 383 daAuts
